AoeStats
← [PSCH] R!ce

Arabia

508601514Analyzed
1v1 RM · 10d ago on Sep 23, 2026· 78m 32s· 2 players
Game mode
Random Map
Map size
Tiny (2 player)
Population
200
Speed
Normal
Resources
Standard
Victory
Conquest
Starting age
Dark Age
Ending age
Imperial Age
RankedLock teamsTeams togetherTeam positionsShared explorationLock speedFull tech treeHidden civsTurbo modeCheats
Victory
Defeat
🇨🇭 Chinese · Switzerland
1441
+19
🇸🇮 Inca · Slovenia
1498
-19
[PSCH] R!ce
0:33 Loom
9:24 Feudal Age
11:17 Man-at-Arms
16:52 Fletching
17:03 Double-Bit Axe
18:44 Horse Collar
23:16 Castle Age
22:03 Scale Mail Armor
23:21 Long Swordsman
24:18 Chain Mail Armor
27:08 Bodkin Arrow
29:25 Bow Saw
29:48 Ballistics
30:05 Wheelbarrow
30:24 Padded Archer Armor
34:21 Thumb Ring
37:58 Imperial Age
36:35 Leather Archer Armor
37:30 Light Cavalry
38:20 Bloodlines
38:17 Scale Barding Armor
38:41 Hand Cart
39:08 Elite Chu Ko Nu
40:21 Town Watch
41:00 Chain Barding Armor
41:12 Bracer
42:15 Chemistry
41:55 Masonry
43:58 Plate Barding Armor
44:40 Forging
45:03 Ring Archer Armor
44:42 Guard Tower
49:10 Great Wall
50:48 Iron Casting
52:45 Blast Furnace
56:55 Elite Fire Lancer
58:07 Plate Mail Armor
59:28 Elite Skirmisher
62:47 Architecture
63:49 Husbandry
70:15 Squires
70:00 Arson
77:04 Two-Man Saw
76:09 Heavy Plow
DejNePoki13
6:08 Loom
9:03 Feudal Age
9:33 Double-Bit Axe
10:42 Horse Collar
12:35 Champi Runner
18:18 Fletching
18:28 Scale Mail Armor
18:28 Padded Archer Armor
23:15 Castle Age
23:01 Gold Mining
23:16 Arson
23:43 Forging
24:26 Chain Mail Armor
23:44 Champi Warrior
24:25 Squires
28:20 Wheelbarrow
29:39 Bow Saw
30:33 Bodkin Arrow
30:38 Padded Archer Armor
31:24 Padded Archer Armor
30:47 Elite Skirmisher
33:48 Thumb Ring
34:12 Leather Archer Armor
34:45 Ballistics
37:02 Heavy Plow
38:59 Iron Casting
42:05 Imperial Age
40:22 Iron Casting
40:37 Stone Mining
41:24 Gold Shaft Mining
41:09 Masonry
41:40 Town Watch
42:12 Elite Champi Warrior
43:39 Plate Mail Armor
43:10 Bracer
42:36 Capped Ram
44:20 Blast Furnace
44:28 Conscription
44:20 Fabric Shields
45:53 Hand Cart
45:16 Siege Ram
47:03 Bracer
48:18 Chemistry
46:42 Pikeman
48:19 Conscription
48:08 Halberdier
48:16 Crossbowman
49:48 Ring Archer Armor
49:06 Arbalester
52:19 Andean Sling
Connection lost

Rejoining the realm…

Still unreachable

The connection could not be restored.

Session expired

The server has moved on; the page needs a fresh start.